Map: Romanticide LE

Players

DnS - Winner!

  • Race: Protoss Protoss
  • League: Master

Strange

  • Race: Protoss Protoss
  • League: Master

Event: DreamHack SC2 Masters 2021 Summer

VOD

Have the link to the VOD?

Description

Time

  • Played on: May 27, 2021, 2:39 p.m.
  • Length: 10:49

All games in this series

Show
View Real Time Build Order
Export as new Build Order

DnS Protoss - Winner!

Build Orders:  

Get SALT Encoding   

  12  0:00  Probe  
  13  0:12  Probe  
  14  0:17  Pylon  
  14  0:24  Probe (Chrono Boost)  
  16  0:36  Probe (Chrono Boost), Gateway  
  16  0:43  Probe (Chrono Boost)  
  16  0:45  Assimilator  
  17  0:51  Probe  
  17  0:54  Assimilator  
  18  1:03  Probe (Chrono Boost)  
  19  1:07  Gateway  
  19  1:12  Probe (Chrono Boost)  
  19  1:17  Probe (Chrono Boost)  
  20  1:23  Cybernetics Core  
  21  1:29  Probe  
  22  1:33  Pylon  
  22  1:41  Probe  
  23  1:53  Probe  
  24  1:59  Sentry, Stalker, Warp Gate  
  28  2:05  Pylon  
  28  2:09  Probe  
  29  2:26  Sentry  
  29  2:29  Stalker  
  33  2:43  Nexus  
  33  2:48  Probe  
  34  2:57  Pylon  
  34  2:59  Stalker  
  36  3:05  Stalker  
  36  3:12  Probe  
  39  3:20  Shield Battery  
  39  3:32  Probe, Twilight Council  
  40  3:45  Probe  
  40  3:47  Adept x2  
  45  3:53  Robotics Facility  
  45  3:57  Probe (Chrono Boost)  
  45  4:01  Probe (Chrono Boost)  
  47  4:06  Blink (Chrono Boost)  
  47  4:09  Probe (Chrono Boost)  
  48  4:12  Probe (Chrono Boost)  
  49  4:18  Probe (Chrono Boost)  
  50  4:24  Probe  
  50  4:29  Probe, Stalker x2  
  54  4:35  Phoenix  
  54  4:36  Probe  
  52  4:41  Observer  
  52  4:42  Probe  
  51  4:49  Probe  
  50  4:54  Probe  
  49  5:01  Probe (Chrono Boost)  
  49  5:06  Probe (Chrono Boost), Stalker  
  52  5:13  Stalker  
  55  5:16  Phoenix  
  55  5:17  Pylon  
  55  5:18  Probe (Chrono Boost)  
  55  5:19  Probe (Chrono Boost)  
  56  5:23  Probe (Chrono Boost)  
  56  5:25  Probe (Chrono Boost), Forge  
  58  5:29  Pylon  
  58  5:32  Probe  
  58  5:35  Stalker  
  61  5:37  Probe  
  61  5:40  Stalker  
  64  5:44  Probe  
  64  5:49  Probe  
  66  5:56  Probe  
  67  5:57  Protoss Ground Weapons Level 1 (Chrono Boost)  
  67  6:01  Probe  
  67  6:03  Adept x2  
  71  6:12  Pylon, Assimilator  
  71  6:19  Nexus  
  71  6:20  Probe  
  71  6:37  Probe  
  70  6:42  Probe  
  70  6:45  Immortal  
  73  6:49  Probe  
  73  6:50  Stalker x2  
  76  6:54  Gateway  
  76  6:55  Probe  
  76  6:57  Gateway, Pylon  
  77  7:01  Probe  
  77  7:02  Charge, Phoenix  
  77  7:06  Gateway  
  77  7:07  Gateway  
  78  7:12  Pylon  
  78  7:17  Stalker x2  
  78  7:18  Probe  
  78  7:20  Probe  
  84  7:24  Observer (Chrono Boost)  
  85  7:31  Probe x2, Shield Battery  
  85  7:33  Phoenix  
  87  7:37  Gateway  
  87  7:38  Probe  
  87  7:40  Gateway  
  87  7:43  Probe x2  
  90  7:50  Probe  
  91  7:55  Probe x2, Phoenix  
  93  8:02  Probe  
  93  8:03  Protoss Ground Weapons Level 2 (Chrono Boost)  
  94  8:07  Nexus  
  94  8:12  Templar Archives, Pylon  
  95  8:13  Zealot x2  
  95  8:19  Probe x2  
  100  8:21  Zealot x3  
  100  8:22  Zealot  
  100  8:26  Pylon  
  108  8:30  Pylon  
  108  8:42  Gateway  
  108  8:44  Gateway  
  108  8:45  Zealot x5  
  108  8:46  Zealot  
  120  8:49  High Templar x2  
  120  8:53  Archon  
  120  8:54  Shield Battery  
  124  8:56  Shield Battery  
  124  9:00  Shield Battery  
  124  9:02  Pylon  
  124  9:08  Zealot x5  
  134  9:12  Pylon  
  134  9:15  Zealot  
  134  9:21  High Templar  
  134  9:22  High Templar  
  134  9:24  Immortal  
  140  9:26  Archon  
  140  9:29  Zealot x2  
  140  9:30  Zealot x3  
  132  9:43  Zealot x3  
  130  9:51  Zealot x5  
  118  10:00  Zealot x2  
  118  10:03  Observer  
Show
View Real Time Build Order
Export as new Build Order

Strange Protoss 

Build Orders: Blink Stalkers 

Get SALT Encoding   

  12  0:00  Probe  
  13  0:12  Probe  
  14  0:17  Pylon  
  14  0:24  Probe (Chrono Boost)  
  16  0:37  Probe (Chrono Boost)  
  16  0:38  Gateway  
  16  0:42  Probe (Chrono Boost)  
  16  0:46  Assimilator  
  17  0:51  Probe  
  17  0:54  Assimilator  
  18  1:03  Probe (Chrono Boost)  
  19  1:08  Gateway  
  19  1:14  Probe (Chrono Boost)  
  20  1:19  Probe (Chrono Boost)  
  20  1:25  Cybernetics Core  
  21  1:30  Probe  
  22  1:33  Pylon  
  22  1:42  Probe  
  24  1:54  Probe  
  24  2:01  Stalker  
  24  2:02  Sentry, Warp Gate  
  24  2:06  Pylon  
  28  2:10  Probe  
  29  2:24  Pylon  
  29  2:28  Stalker  
  31  2:31  Stalker  
  33  2:42  Twilight Council  
  33  3:05  Nexus  
  33  3:13  Blink (Chrono Boost)  
  33  3:15  Probe  
  34  3:27  Probe  
  35  3:35  Pylon  
  35  3:39  Probe  
  36  3:52  Probe  
  36  3:54  Robotics Facility  
  37  3:56  Adept x2  
  41  4:04  Probe  
  43  4:17  Probe (Chrono Boost)  
  43  4:18  Forge  
  43  4:21  Probe (Chrono Boost)  
  43  4:24  Pylon  
  43  4:27  Probe (Chrono Boost)  
  43  4:30  Probe (Chrono Boost)  
  45  4:32  Probe (Chrono Boost)  
  45  4:34  Stalker x2  
  48  4:41  Probe  
  44  4:54  Probe (Chrono Boost)  
  44  4:55  Probe (Chrono Boost)  
  44  5:04  Probe (Chrono Boost)  
  44  5:05  Probe (Chrono Boost), Protoss Ground Weapons Level 1 (Chrono Boost)  
  45  5:07  Observer  
  45  5:10  Shield Battery  
  46  5:14  Probe (Chrono Boost)  
  46  5:15  Probe (Chrono Boost)  
  47  5:26  Probe (Chrono Boost)  
  47  5:28  Probe (Chrono Boost)  
  49  5:31  Probe (Chrono Boost)  
  50  5:36  Probe  
  50  5:41  Probe, Nexus  
  52  5:47  Pylon  
  52  5:48  Probe  
  53  5:50  Immortal (Chrono Boost)  
  57  5:59  Assimilator  
  57  6:01  Stalker  
  59  6:11  Stalker  
  61  6:14  Shield Battery  
  61  6:18  Pylon  
  61  6:24  Stalker  
  61  6:37  Stalker  
  59  6:48  Stalker  
  59  6:49  Probe x2  
  59  6:51  Immortal  
  66  6:56  Assimilator  
  66  6:57  Pylon  
  66  7:01  Probe x2  
  68  7:02  Protoss Ground Weapons Level 2 (Chrono Boost)  
  68  7:05  Pylon  
  68  7:13  Probe x2  
  70  7:19  Gateway  
  70  7:20  Gateway  
  70  7:23  Sentry x2  
  70  7:25  Probe x2, Resonating Glaives  
  76  7:31  Immortal (Chrono Boost)  
  80  7:37  Probe x2  
  80  7:38  Pylon  
  82  7:45  Pylon  
  82  7:53  Sentry x2  
  82  7:55  Pylon  
  82  7:56  Observer  
  86  8:01  Warp Prism  
  86  8:03  Gateway  
  88  8:05  Gateway  
  88  8:08  Colossus  
  88  8:15  Sentry  
  88  8:16  Sentry  
  92  8:20  Pylon  
  92  8:24  Gateway  
  92  8:26  Gateway  
  92  8:27  Sentry x2  
  96  8:41  Sentry, Adept  
  100  8:54  Pylon  
  100  8:55  Pylon  
  100  9:01  Adept x5  
  110  9:17  Adept  
  110  9:19  Archon x4  
  110  9:21  Adept x5  
  112  9:34  Stalker x2  
  97  9:41  Stalker  
  97  9:44  Adept x2  
  93  9:46  Sentry x2  
  93  9:49  Adept  
  99  9:57  Adept x2  
Tags
 
Add a new tag
Caveats
  • Supply blocks, unpowered buildings, or Contaminate may cause inaccurate times.
  • Supply counts are checked every 10 seconds.